 Dungeon Crawl Stone Soup version 0.30-a0-304-gdc4b735fe1 (webtiles) character file.

Game seed: 3106231595835025693

889 SINSOJ the Cudgeller (level 7, 0/64 HPs)
             Began as a Minotaur Berserker on Oct 20, 2022.
             Was a Believer of Trog.
             Slain by a hornet (15 damage)
             ... on level 6 of the Dungeon.
             The game lasted 00:10:34 (5192 turns).

SINSOJ the Cudgeller (Minotaur Berserker)           Turns: 5192, Time: 00:10:34

Health: 0/64       AC:  3    Str: 23    XL:     7   Next: 77%
Magic:  15/15      EV: 13    Int:  4    God:    Trog [**....]
Gold:   267        SH:  0    Dex: 10    Spells: 6/6 levels left

rFire   . . .      SeeInvis .    a - +0 mace
rCold   . . .      Faith    .    (no shield)
rNeg    + . .      Spirit   .    v - +1 robe of Boes {Rampage rPois}
rPois   +          Reflect  .    (helmet restricted)
rElec   .          Harm     .    (no cloak)
rCorr   .          Rampage  +    (no gloves)
Will    .....                    (no boots)
Stlth   ++........               (no amulet)
HPRegen 0.30/turn                p - ring of magical power
MPRegen 0.14/turn                l - ring of positive energy

@: studying Stealth
A: horns 2, retaliatory headbutt
a: Renounce Religion, Berserk, Trog's Hand


You were on level 6 of the Dungeon.
You worshipped Trog.
Trog was pleased with you.
You visited 1 branch of the dungeon, and saw 5 of its levels.

You collected 267 gold pieces.

Inventory:

Hand Weapons
 a - a +0 mace (weapon)
Armour
 b - a +0 animal skin
 v - the +1 robe of Boes (worn) {Rampage rPois}
   (You found it on level 5 of the Dungeon)

   rPois:     It protects you from poison.
   Rampage:   It bestows one free step when moving towards enemies.
Jewellery
 l - a ring of positive energy (right hand)
 p - a ring of magical power (left hand)
Wands
 r - a wand of polymorph (9)
 x - a wand of paralysis (1)
Scrolls
 c - 3 scrolls of poison {unknown}
 e - a scroll of teleportation {unknown}
 h - 2 scrolls of amnesia {unknown}
 i - a scroll of butterflies {unknown}
 m - 2 scrolls of immolation {unknown}
 s - a scroll of enchant weapon {unknown}
 t - 2 scrolls of identify {unknown}
 u - a scroll of vulnerability {unknown}
Potions
 d - a potion of brilliance {unknown}
 f - 2 potions of curing {unknown}
 g - 3 potions of flight {unknown}
 j - a potion of magic {unknown}
 k - 2 potions of lignification {unknown}
 n - 2 potions of degeneration {unknown}
 o - 3 potions of heal wounds {unknown}
 q - a potion of haste {unknown}
 w - a potion of might {unknown}


   Skills:
 + Level 6.7 Fighting
 + Level 7.5 Maces & Flails
 + Level 3.1 Armour
 + Level 5.0 Dodging
 + Level 2.5 Stealth


You had 6 spell levels left.
You didn't know any spells.
Your spell library was empty.

Dungeon Overview and Level Annotations

Branches:
Dungeon (6/15)
 Temple: D:4-7

Altars:
Cheibriados
Dithmenos
Xom

Shops:
D:1 (


Innate Abilities, Weirdness & Mutations

You have a pair of horns on your head.
You reflexively headbutt those who attack you in melee.


Message History

You headbutt the adder!
You kill the adder!
Trog accepts your kill.
HP restored.
Magic restored.
Found a stone staircase leading up.
There is a stone staircase leading up here.
Found a club.
Found a stone staircase leading down.
Found a stone staircase leading down.
Found a scale mail.
A hornet comes into view.
A hornet is nearby!
A hornet is nearby!
A hornet is nearby!
A hornet is nearby!
l - a ring of positive energy (right hand)
Aiming: Polymorph
Press: ? - help, Shift-Dir - straight line, f - hornet
Aim: a hornet (will become a golden eye, an acid dragon, or a killer bee, chance to affect: 39%) Nothing appears to happen.
You hit the hornet but do no damage. Your headbutt misses the hornet.
The hornet barely misses you. The hornet stings you!
You hit the hornet but do no damage. Your headbutt misses the hornet.
The hornet stings you!
You hit the hornet.
The hornet is lightly wounded.
The hornet stings you.
You feel yourself slow down. The hornet barely misses you.
You furiously retaliate!
You headbutt the hornet. You miss the hornet. Your headbutt misses the hornet.
The hornet is moderately wounded.
The hornet stings you!
You feel as though you will be slow longer.
The hornet stings you!
* * * LOW HITPOINT WARNING * * *
You closely miss the hornet.
The hornet is moderately wounded.
You feel yourself speed up. The hornet stings you!
You die...

....)....##
.........# ####
........## ##.[##
.......## ##....##
......######......#
.........##.......##
....###............#
...## ##...........#
.### #........@..#
## #.........y..# #
#............#
#..>.........#
##...........#
#...........# #
.........## #
.........# #


You could see a hornet.

Vanquished Creatures
  A black bear (D:5)
  An ogre (D:5)
  2 bullfrogs (D:6)
  5 scorpions
  3 hounds
  2 iguanas (D:4)
  An orc wizard (D:5)
  5 adders
  A gnoll (D:4)
  A white imp (D:6)
  A worm (D:4)
  2 dart slugs
  13 orcs
  2 bats (D:1)
  4 endoplasms
  2 giant cockroaches (D:4)
  2 hobgoblins
  7 kobolds
  3 quokkas (D:1)
  3 ball pythons
  3 goblins (D:4)
  2 rats (D:1)
66 creatures vanquished.

Notes
Turn   | Place    | Note
-------+----------+-------------------------------------------
     0 | D:1      | SINSOJ the Minotaur Berserker began the quest for the Orb.
     0 | D:1      | Reached XP level 1. HP: 19/19 MP: 0/0
   217 | D:1      | Reached XP level 2. HP: 24/27 MP: 1/1
   345 | D:1      | Found Hiephek's Antique Weapon Emporium.
  1022 | D:2      | You fall into a shaft and drop 2 floors!
  1030 | D:4      | Reached XP level 3. HP: 15/34 MP: 2/2
  1166 | D:4      | Reached skill level 4 in Maces & Flails
  1205 | D:4      | Reached XP level 4. HP: 12/41 MP: 3/3
  1837 | D:4      | Reached skill level 5 in Fighting
  2013 | D:4      | Noticed a scorpion
  2017 | D:4      | Killed a scorpion
  2018 | D:4      | Reached XP level 5. HP: 48/48 MP: 4/4
  2116 | D:4      | Found a shadowy altar of Dithmenos.
  2156 | D:4      | Reached skill level 5 in Maces & Flails
  3061 | D:4      | Reached skill level 1 in Stealth
  3061 | D:4      | Reached XP level 6. HP: 17/57 MP: 5/5
  3295 | D:4      | Reached ** piety under Trog
  3631 | D:5      | Entered Level 5 of the Dungeon
  3722 | D:5      | Reached skill level 6 in Maces & Flails
  4040 | D:5      | Identified the +1 robe of Boes {Rampage rPois}
  4072 | D:5      | Found a shimmering altar of Xom.
  4127 | D:5      | Reached XP level 7. HP: 50/63 MP: 6/6
  4622 | D:6      | Reached skill level 7 in Maces & Flails
  4777 | D:6      | Found a snail-covered altar of Cheibriados.
  4967 | D:6      | Reached skill level 5 in Dodging
  5183 | D:6      | Noticed a hornet
  5192 | D:6      | Slain by a hornet

Illustrated notes

Levels and vault maps discovered:
D:1:      dpeg_arrival_connections, layout_basic, serial_shops,
          nicolae_shop_hallway_stairs
D:2:      layout_loops_corners, basic_ecumenical_altar, kennysheep_crisscross,
          chequers_serial_rivers_marsh
D:4:      layout_basic, lemuel_round_altar, hangedman_decor_slide_cut,
          minmay_manual_mullet
D:5:      layout_basic, amcnicky_altar_gilded, grunt_decor_clamped
D:6:      layout_cave_pods, mainiacjoe_overflow_concentric_impassable

Skill      XL: |  1  2  3  4  5  6  7 |
---------------+----------------------+-----
Fighting       | 4 5 6 |  6.7
Dodging        | 3 4 5 |  5.0
Maces & Flails | 4 5 6 7 |  7.5
Armour         | 3 |  3.1
Stealth        | 1 2 |  2.5

Action                   |  1- 3 |  4- 6 |  7- 9 || total
-------------------------+-------+-------+-------++-------
Melee: Mace              |    30 |   100 |    40 ||   170
       Headbutt          |     7 |    12 |     5 ||    24
       Punch             |       |     1 |       ||     1
Invok: Berserk           |       |     1 |       ||     1
Evoke: Wand              |       |       |     3 ||     3
Armor: Animal skin       |     1 |     3 |       ||     4
       Robe              |       |     5 |     7 ||    12
Dodge: Dodged            |    22 |    51 |    22 ||    95

Table legend: (Time is in decaauts)
 A = Elapsed time spent in this place.
 B = Non-inter-level travel time spent in this place.
 C = Inter-level travel time spent in this place.
 D = Time resting spent in this place.
 E = Time spent auto-exploring this place.
 F = Levels seen in this place.
 G = Mean time per level.
                   A        B        C        D        E       F      G
               +--------+--------+--------+--------+--------+-----+--------+
         Total |   5262 |   5132 |    130 |   1462 |   2785 |   5 | 1052.4 |
       Dungeon |   5262 |   5132 |    130 |   1462 |   2785 |   5 | 1052.4 |
               +--------+--------+--------+--------+--------+-----+--------+

Top non-repeatable levels by time:
     D:4: 2673 daAuts
     D:5: 975 daAuts
     D:1: 883 daAuts
     D:6: 589 daAuts
     D:2: 141 daAuts
